 Dungeon Crawl Stone Soup version 0.32-a0-616-g9348d4545b (webtiles) character file.

Game seed: 3011699153925820597

3585 growler the Fighter (level 10, -1/84 HPs)
             Began as a Coglin Artificer on Mar 5, 2024.
             Was a Follower of Wu Jian.
             Slain by a two-headed ogre
             ... wielding a +0 giant club
              (21 damage)
             ... on level 8 of the Dungeon.
             The game lasted 00:20:59 (7896 turns).

growler the Fighter (Coglin Artificer)              Turns: 7896, Time: 00:21:00

Health: -1/84      AC:  9    Str: 18    XL:     10   Next: 10%
Magic:  10/10      EV:  7    Int: 13    God:    Wu Jian [*.....]
Gold:   480        SH:  0    Dex: 14    Spells: 9/9 levels left

rFire   . . .        H - +2 whip (holy) {Wira}
rCold   + . .        y - +0 mace (drain) {Olaf}
rNeg    . . .        v - +0 chain mail {rC+}
rPois   .            C - +1 hat {Int+3}
rElec   .            (no cloak)
rCorr   .            (no gloves)
SInv    .            (no boots)
Will    .....        (amulet unavailable) Stlth
                     (ring unavailable)
HPRegen 0.34/turn    (ring unavailable)
MPRegen 0.12/turn    (no gizmo)

%: no passive effects
@: hasted, revving, very quick
A: off-hand wielding, slow wielding, warmup strikes, no jewellery
a: Invent Gizmo, Renounce Religion


You were on level 8 of the Dungeon.
You worshipped Wu Jian.
Wu Jian was aware of your devotion.
You visited 2 branches of the dungeon, and saw 9 of its levels.

You collected 480 gold pieces.

Inventory:

Hand Weapons
 u - a +0 morningstar of freezing {Ana}
 y - a +0 mace of draining (offhand) {Olaf}
 A - a +2 heavy flail {Kanlaya}
 H - a +2 whip of holy wrath (weapon) {Wira}
Missiles
 h - 4 atropa-tipped darts
Armour
 m - a +0 helmet
 v - a +0 chain mail of cold resistance (worn)
 C - a +1 hat of intelligence (worn)
Wands
 c - a wand of flame (14) (quivered)
 d - a wand of charming (15)
 e - a wand of iceblast (3)
 f - a wand of digging (7)
 w - a wand of warping (15)
Scrolls
 a - a scroll of noise
 g - 2 scrolls of vulnerability
 i - 2 scrolls of brand weapon
 j - a scroll of fear
 k - a scroll of butterflies
 o - a scroll of immolation
 q - a scroll of revelation {unknown}
 r - a scroll of acquirement {unknown}
 t - 2 scrolls of teleportation
 x - a scroll of blinking {unknown}
 J - a scroll of poison {unknown}
 K - a scroll of fog {unknown}
Potions
 b - a potion of berserk rage {unknown}
 l - 5 potions of mutation {unknown}
 n - 2 potions of heal wounds {unknown}
 p - 2 potions of might {unknown}
 s - a potion of magic
 B - 2 potions of curing
 D - a potion of brilliance
 E - a potion of lignification
 F - 2 potions of attraction
 G - a potion of resistance
 I - 2 potions of cancellation {unknown}


   Skills:
 + Level 9.7 Fighting
 + Level 8.2 Maces & Flails
 - Level 1.7 Armour
 - Level 0.8 Dodging
 - Level 0.7 Stealth
 - Level 8.0 Evocations


You had 9 spell levels left.
You didn't know any spells.
Your spell library contained the following spells:

 Spells                   Type           Power      Damage    Failure   Level
 Necrotise                Necr           0%         1d4       97%         1
 Ensorcelled Hibernation  Hex/Ice        0%         N/A       99%         2
 Passwall                 Erth           0%         N/A       100%        3
 Swiftness                Air            0%         N/A       100%        3
 Tukima's Dance           Hex            0%         N/A       100%        3
 Vampiric Draining        Necr           0%         2d6       100%        3
 Martyr's Knell           Necr/Summ      0%         N/A       100%        4
 Passage of Golubria      Tloc           0%         N/A       100%        4
 Curse of Agony           Necr           0%         N/A       100%        5
 Yara's Violent Unravell  Hex/Alch       0%         3d3       100%        5


Dungeon Overview and Level Annotations

Branches:
Dungeon (8/15)             Temple (1/1) D:5
   Lair: D:8-11

Altars:
Ashenzari
Cheibriados
Dithmenos
Elyvilon
Fedhas
Gozag
Hepliaklqana
Kikubaaqudgha
Makhleb
Nemelex Xobeh
Okawaru
Qazlal
Ru
Trog
Uskayaw
Vehumet
Wu Jian
Xom
Yredelemnul
Zin
The Shining One

Shops:
D:1 (   D:3 :   D:6 *   D:8 (


Innate Abilities, Weirdness & Mutations

You can wield a second weapon in your off-hand.
It takes a long time for you to wield or remove held weapons.
Your first few attacks do less damage.
You cannot equip rings or amulets.


Message History

Found a stone staircase leading down.
There is an entrance to Ohoiriud's Weapon Shop here.
Found a ring mail.
There is a fountain of sparkling water here.
There is a fountain of sparkling water here.
There is a stone staircase leading up here.
A two-headed ogre comes into view.
It is wielding a +0 giant club and a +0 giant spiked club.
The two-headed ogre shouts in stereo!
You lunge at the two-headed ogre.
You whack the two-headed ogre with your +2 whip of holy wrath!
The two-headed ogre is moderately wounded.
You barely miss the two-headed ogre with your +0 mace of draining.
The two-headed ogre hits you with a +0 giant club!
The two-headed ogre hits you with a +0 giant spiked club!!
Unknown command.
You hit the two-headed ogre with your +2 whip of holy wrath.
The two-headed ogre is moderately wounded.
You hit the two-headed ogre with your +0 mace of draining.
You drain the two-headed ogre. The two-headed ogre closely misses you.
The two-headed ogre hits you with a +0 giant spiked club!
Unknown command.
You hit the two-headed ogre with your +0 mace of draining.
The two-headed ogre is moderately wounded.
You hit the two-headed ogre with your +2 whip of holy wrath.
Unknown command.
You barely miss the two-headed ogre with your +0 mace of draining.
The two-headed ogre is heavily wounded.
You hit the two-headed ogre with your +2 whip of holy wrath.
The two-headed ogre hits you with a +0 giant club.
The two-headed ogre hits you with a +0 giant spiked club!
* * * LOW HITPOINT WARNING * * *
Unknown command.
Okay, then.
Unknown command.
You feel better.
You feel yourself speed up.
The two-headed ogre hits you with a +0 giant club.
* * * LOW HITPOINT WARNING * * *
The two-headed ogre hits you with a +0 giant spiked club!!
You die...

...........##......#.#.....
####....####......#.#.###.
##...## ########.#.#...
#...## #.#..... #...#
#.#..... #####...######
#....... #.......##...
###.#.#. #......###.#####.#
#<.#.#.
######......#<..@O....# #.
#.#.
................####### .
#. ...........###### .###.
.......####....# .....
........# #....# ####.
#######.###....# #
#..##....# ##..#....#
##.....##


You could see a two-headed ogre (drained).

Vanquished Creatures
  A two-headed ogre (D:8)
  Grinder (D:3)
  3 yaks (D:6)
  3 steam dragons
  A sky beast (D:7)
  2 black bears
  An ice beast (D:6)
  2 ogres
  2 centaurs (D:5)
  A phantom (D:4)
  2 bullfrogs
  3 scorpions
  4 howler monkeys
  A jelly (D:6)
  6 hounds
  4 orc priests
  Terence (D:3)
  2 iguanas
  6 orc wizards
  5 adders
  3 gnolls (D:4)
  2 white imps
  4 dart slugs
  29 orcs
  5 ball pythons
  6 bats
  13 endoplasms
  7 giant cockroaches
  5 goblins
  6 hobgoblins
  8 jackals
  9 kobolds
  3 quokkas
  3 frilled lizards
  5 rats
159 creatures vanquished.

Notes
Turn   | Place    | Note
-------+----------+-------------------------------------------
     0 | D:1      | growler the Coglin Artificer began the quest for the Orb.
     0 | D:1      | Reached XP level 1. HP: 15/15 MP: 1/1
   166 | D:1      | Reached XP level 2. HP: 21/21 MP: 2/2
   266 | D:1      | Found Myerghuro's Antique Weapon Shoppe.
   449 | D:1      | Reached skill level 2 in Fighting
   559 | D:1      | Found a faded altar of an unknown god.
   565 | D:1      | Reached XP level 3. HP: 22/27 MP: 3/3
  1097 | D:2      | Reached skill level 5 in Evocations
  1523 | D:2      | Reached XP level 4. HP: 17/34 MP: 4/4
  1897 | D:3      | Reached skill level 3 in Fighting
  2102 | D:3      | Found a glowing golden altar of the Shining One.
  2116 | D:3      | Found Tushron's Book Shoppe.
  2156 | D:3      | Reached XP level 5. HP: 18/41 MP: 5/5
  2163 | D:3      | Noticed Grinder
  2346 | D:3      | Paralysed by Grinder for 2 turns
  2356 | D:3      | HP: 2/41 [Grinder (1)]
  2358 | D:3      | Killed Grinder
  2359 | D:3      | Reached skill level 4 in Fighting
  2359 | D:3      | Reached XP level 6. HP: 3/48 MP: 6/6
  2555 | D:3      | Found a broken altar of Ashenzari.
  2744 | D:3      | Noticed Terence
  2749 | D:3      | Killed Terence
  3170 | D:4      | Reached XP level 7. HP: 45/55 MP: 7/7
  3243 | D:4      | Found a snail-covered altar of Cheibriados.
  3312 | D:4      | Found a hide-covered altar of Uskayaw.
  3454 | D:4      | Found an opulent altar of Gozag.
  3552 | D:4      | Found a burning altar of Makhleb.
  3552 | D:4      | Found a glowing silver altar of Zin.
  3553 | D:4      | Noticed an angel
  3553 | D:4      | Noticed a green death
  3651 | D:4      | Found an ancient bone altar of Kikubaaqudgha.
  3787 | D:4      | Reached skill level 5 in Fighting
  4285 | D:5      | Entered Level 5 of the Dungeon
  4285 | D:5      | Found a staircase to the Ecumenical Temple.
  4295 | Temple   | Entered the Ecumenical Temple
  4309 | Temple   | Became a worshipper of the Wu Jian Council
  4330 | D:5      | Reached XP level 8. HP: 59/63 MP: 8/8
  4374 | D:5      | Identified the +1 robe of Datruen {+Blink}
  4469 | D:5      | Reached skill level 6 in Fighting
  5047 | D:5      | Reached skill level 5 in Maces & Flails
  5990 | D:6      | Noticed a yak
  5990 | D:6      | Noticed a yak
  5991 | D:6      | Noticed a yak
  5993 | D:6      | Killed a yak
  5993 | D:6      | Killed a yak
  5994 | D:6      | Reached skill level 7 in Fighting
  5994 | D:6      | Reached XP level 9. HP: 72/72 MP: 9/9
  6152 | D:6      | Found a stormy altar of Qazlal.
  6267 | D:6      | Found Reawnut's Assorted Antiques.
  6382 | D:6      | Reached skill level 8 in Fighting
  7007 | D:7      | Found a white marble altar of Elyvilon.
  7038 | D:7      | Reached * piety under Wu Jian
  7063 | D:7      | Found a sacrificial altar of Ru.
  7271 | D:7      | Reached skill level 9 in Fighting
  7731 | D:8      | Noticed a two-headed ogre
  7736 | D:8      | Killed a two-headed ogre
  7737 | D:8      | Reached XP level 10. HP: 84/84 MP: 10/10
  7786 | D:8      | Found a radiant altar of Vehumet.
  7805 | D:8      | Found a sparkling altar of Nemelex Xobeh.
  7822 | D:8      | Found Ohoiriud's Weapon Shop.
  7887 | D:8      | Noticed a two-headed ogre
  7896 | D:8      | Slain by a two-headed ogre

Illustrated notes

Levels and vault maps discovered:
D:1:      saegor_arrival_simple_a, layout_basic,
          hellmonk_ecumenical_altar_slurped_away, serial_shops,
          nicolae_shop_gibbet_a_chance, roderic_roman_lattice,
          minmay_misc_feat_square, minmay_fountain_box, minivault_11
D:2:      layout_basic, grunt_decor_mini_mirrors
D:3:      layout_basic, old_standard_altar, mainiacjoe_overflow_boulevard,
          serial_shops, shop_statue, minmay_ruptured, uniq_terence, uniq_grinder
D:4:      minmay_thinvault, layout_loops_ring,
          grunt_temple_overflow_order_and_chaos_2, lemuel_crystal_altar,
          mainiacjoe_overflow_big_doors, mainiacjoe_overflow_chevrons
D:5:      layout_layer_cave, minmay_temple_entry_proselytizer,
          serial_bayou_pond_a
D:6:      layout_basic, nicolae_qazlal_general_emergency, serial_shops,
          shop_coins
D:7:      layout_cave_pods, general_overflow_altar, kennysheep_mini
D:8:      layout_basic, vehumet_crystals, nemelex_xobeh_ov_fountains_minmay,
          mainiacjoe_overflow_alcove_2, serial_shops,
          nicolae_shop_just_a_little_nook
Temple:   hellmonk_temple_flake

Skill      XL: |  1  2  3  4  5  6  7  8  9 |
---------------+----------------------------+-----
Fighting       | 2 3 4 5 7 9 |  9.7
Evocations     | 5 6 7 8 |  8.0
Maces & Flails | 2 3 6 8 |  8.2
Armour         | |  1.7
Dodging        | |  0.8
Stealth        | |  0.7

Action                     |  1- 3 |  4- 6 |  7- 9 | 10-12 || total
---------------------------+-------+-------+-------+-------++-------
  Melee: Dagger            |   116 |    72 |       |       ||   188
         Club              |   113 |    28 |       |       ||   141
         Morningstar       |       |    52 |       |       ||    52
         Whip              |       |    18 |   202 |    16 ||   236
         Flail             |       |    14 |    47 |       ||    61
         Mace              |       |       |   165 |    16 ||   181
Ability: Lunge             |       |       |    17 |     2 ||    19
         Whirlwind         |       |       |     2 |     9 ||    11
  Evoke: Wand              |       |     8 |     9 |       ||    17
    Use: Scroll            |       |     6 |     6 |     2 ||    14
         Potion            |       |       |     1 |     2 ||     3
   Stab: Sleeping          |     2 |     1 |       |       ||     3
 Armour: Leather armour    |    80 |    63 |       |       ||   143
         Chain mail        |       |    14 |   210 |    13 ||   237
  Dodge: Dodged            |    86 |    52 |    70 |     4 ||   212

Table legend: (Time is in decaauts)
 A = Elapsed time spent in this place.
 B = Non-inter-level travel time spent in this place.
 C = Inter-level travel time spent in this place.
 D = Time resting spent in this place.
 E = Time spent auto-exploring this place.
 F = Levels seen in this place.
 G = Mean time per level.
                   A        B        C        D        E       F      G
               +--------+--------+--------+--------+--------+-----+--------+
         Total |   7956 |   7720 |    236 |    684 |   5718 |   9 |  884.0 |
       Dungeon |   7930 |   7694 |    236 |    684 |   5718 |   8 |  991.2 |
        Temple |     25 |     25 |      0 |      0 |      0 |   1 |   25.0 |
               +--------+--------+--------+--------+--------+-----+--------+

Top non-repeatable levels by time:
     D:5: 1682 daAuts
     D:4: 1202 daAuts
     D:2: 1157 daAuts
     D:1: 1006 daAuts
     D:3: 986 daAuts
     D:7: 922 daAuts
     D:6: 809 daAuts
     D:8: 164 daAuts
  Temple: 25 daAuts
